| TOP OF THE 1ST |
|
Winnipeg Goldeyes batting - Pitching for Paris Cubs : RHP Alejandro Rios
|
|
Pitching: RHP Alejandro Rios
|
|
|
Batting: RHB Settan Nakamura
|
0-0: Foul Ball, location: 2F 0-1: Foul Ball, location: 2F 0-2: Ball 1-2: Ball 2-2: Ball 3-2: Foul Ball, location: 2F 3-2: DOUBLE (Line Drive, 7LM, EV 95.6 MPH)
|
|
Batting: SHB Rodrigo Mendoza
|
0-0: Called Strike Settan Nakamura is caught stealing 3rd base 2-5 0-1: Foul Ball, location: 2F 0-2: Foul Ball, location: 2F 0-2: SINGLE (Line Drive, 7LS, EV 93.8 MPH)
|
|
Batting: RHB Terry Oetker
|
0-0: Swinging Strike 0-1: Foul Ball, location: 2F 0-2: Ball 1-2: Ball 2-2: Strikes out swinging
|
|
Batting: SHB Victor Turrubiate
|
0-0: Ground out 1-3 (Groundball, 15S, EV 69.4 MPH)
|
| Top of the 1st over - 0 runs, 2 hits, 0 errors, 1 left on base; Winnipeg 0 - Paris 0 |
| BOTTOM OF THE 1ST |
|
Paris Cubs batting - Pitching for Winnipeg Goldeyes : RHP Ryan Kraemer
|
|
Pitching: RHP Ryan Kraemer
|
|
|
Batting: RHB Willie Rubio
|
0-0: Fly out, F8 (Flyball, 8RD, EV 95.6 MPH)
|
|
Batting: RHB Michihisa Tanaka
|
0-0: Ball 1-0: Called Strike 1-1: Foul Ball, location: 2F 1-2: Foul Ball, location: 2F 1-2: Ball 2-2: Foul Ball, location: 2F 2-2: Fly out, F7 (Flyball, 7LSF, EV 85.6 MPH)
|
|
Batting: LHB Jeremy Rideout
|
0-0: DOUBLE (Line Drive, 5D, EV 104.4 MPH)
|
|
Batting: LHB David Mendez
|
0-0: Called Strike 0-1: Called Strike 0-2: Foul Ball, location: 2F 0-2: Ball 1-2: Ball 2-2: SINGLE (Groundball, 6MD, EV 101.2 MPH) Jeremy Rideout to third Runner from 3rd tries for Home, SAFE, throw by CF to home
|
|
Batting: RHB Jesus Resendez
|
0-0: Ball 1-0: Ball 2-0: Ball 3-0: Base on Balls David Mendez to second
|
|
Batting: LHB Cameron Marinelli
|
0-0: Foul Ball, location: 2F 0-1: Ball 1-1: Fielders Choice at 2nd, 5-4 (Groundball, 5, EV 107.5 MPH)
|
| Bottom of the 1st over - 1 run, 2 hits, 0 errors, 2 left on base; Winnipeg 0 - Paris 1 |
| TOP OF THE 2ND |
|
Winnipeg Goldeyes batting - Pitching for Paris Cubs : RHP Alejandro Rios
|
|
Batting: SHB Tim Lloyd
|
0-0: Foul Ball, location: 2F 0-1: Ball 1-1: Ball 2-1: Ball 3-1: Swinging Strike 3-2: Ground out 6-3 (Groundball, 6, EV 104.4 MPH)
|
|
Batting: RHB Mike Berzins
|
0-0: Ball 1-0: Bunted foul 1-1: Ball 2-1: Ball 3-1: Foul Ball, location: 2F 3-2: Base on Balls
|
|
Batting: RHB Alejandro de Jesus
|
Pickoff Play to 1st, Runner tries for 2nd, OUT after rundown. 0-0: Foul Ball, location: 2F 0-1: Foul Ball, location: 2F 0-2: Ball 1-2: Ball 2-2: Strikes out looking
|
| Top of the 2nd over - 0 runs, 0 hits, 0 errors, 0 left on base; Winnipeg 0 - Paris 1 |
| BOTTOM OF THE 2ND |
|
Paris Cubs batting - Pitching for Winnipeg Goldeyes : RHP Ryan Kraemer
|
|
Batting: RHB Jason Banks
|
0-0: Ball 1-0: SINGLE (Line Drive, 78S, EV 93.8 MPH)
|
|
Batting: LHB Bobby Marlatt
|
0-0: Fielders Choice at 2nd, 1-6 (Groundball, 13S, EV 72.5 MPH)
|
|
Batting: RHB Mike Prado
|
0-0: Called Strike 0-1: Foul Ball, location: 2F 0-2: Foul Ball, location: 2F 0-2: Grounds into double play, 5-4-3 (Groundball, 5, EV 78.8 MPH)
|
| Bottom of the 2nd over - 0 runs, 1 hit, 0 errors, 0 left on base; Winnipeg 0 - Paris 1 |
| TOP OF THE 3RD |
|
Winnipeg Goldeyes batting - Pitching for Paris Cubs : RHP Alejandro Rios
|
|
Batting: SHB Andy Ehrsam
|
0-0: Called Strike 0-1: Ball 1-1: Swinging Strike 1-2: Ball 2-2: Foul Ball, location: 2F 2-2: Foul Ball, location: 2F 2-2: Strikes out looking
|
|
Batting: RHB Ricky Saucedo
|
0-0: Ball 1-0: Called Strike 1-1: Swinging Strike 1-2: Ball 2-2: Strikes out swinging
|
|
Batting: RHB Settan Nakamura
|
0-0: Foul Ball, location: 2F 0-1: Foul Ball, location: 2F 0-2: Ball 1-2: Strikes out swinging
|
| Top of the 3rd over - 0 runs, 0 hits, 0 errors, 0 left on base; Winnipeg 0 - Paris 1 |
| BOTTOM OF THE 3RD |
|
Paris Cubs batting - Pitching for Winnipeg Goldeyes : RHP Ryan Kraemer
|
|
Batting: RHB Willie Rubio
|
0-0: Foul Ball, location: 2F 0-1: Ball 1-1: Foul Ball, location: 2F 1-2: Ball 2-2: Ball 3-2: Ground out 5-3 (Groundball, 56, EV 106.9 MPH)
|
|
Batting: RHB Michihisa Tanaka
|
0-0: Ball 1-0: Ball 2-0: Ball 3-0: Base on Balls
|
|
Batting: LHB Jeremy Rideout
|
0-0: SINGLE (Groundball, 6D, EV 95.6 MPH) Michihisa Tanaka to second Runner from 2nd tries for 3rd, OUT! 7-5 Jeremy Rideout to second
|
|
Batting: LHB David Mendez
|
0-0: 2-RUN HOME RUN (Flyball, 9D, EV 105.0 MPH), Distance : 384 ft
|
|
Batting: RHB Jesus Resendez
|
0-0: Ball 1-0: Fly out, F9 (Flyball, 9D, EV 97.5 MPH)
|
| Bottom of the 3rd over - 2 runs, 2 hits, 0 errors, 0 left on base; Winnipeg 0 - Paris 3 |
| TOP OF THE 4TH |
|
Winnipeg Goldeyes batting - Pitching for Paris Cubs : RHP Alejandro Rios
|
|
Batting: SHB Rodrigo Mendoza
|
0-0: Foul Ball, location: 2F 0-1: Ball 1-1: SINGLE (Groundball, 34D, EV 95.6 MPH)
|
|
Batting: RHB Terry Oetker
|
0-0: Called Strike 0-1: Ball Rodrigo Mendoza steals 2nd base 1-1: Hit by Pitch
|
|
Batting: SHB Victor Turrubiate
|
0-0: Called Strike 0-1: Ball 1-1: Ball 2-1: Swinging Strike 2-2: Strikes out swinging
|
|
Batting: SHB Tim Lloyd
|
0-0: Foul Ball, location: 2F 0-1: Ball 1-1: Ball 2-1: Ball 3-1: Base on Balls Rodrigo Mendoza to third Terry Oetker to second
|
|
Batting: RHB Mike Berzins
|
0-0: Ball 1-0: Ball 2-0: Foul Ball, location: 2F 2-1: Ball 3-1: Base on Balls Rodrigo Mendoza scores Terry Oetker to third Tim Lloyd to second
|
|
Batting: RHB Alejandro de Jesus
|
0-0: Foul Ball, location: 2F 0-1: Ball 1-1: SINGLE (Groundball, 34D, EV 104.4 MPH) Terry Oetker scores Tim Lloyd to third Mike Berzins to second
|
|
Batting: SHB Andy Ehrsam
|
0-0: Ball 1-0: Called Strike 1-1: Foul Ball, location: 2F 1-2: Strikes out swinging
|
|
Batting: RHB Ricky Saucedo
|
0-0: Ball 1-0: Called Strike 1-1: Foul Ball, location: 2F 1-2: Ball 2-2: Strikes out swinging
|
| Top of the 4th over - 2 runs, 2 hits, 0 errors, 3 left on base; Winnipeg 2 - Paris 3 |
| BOTTOM OF THE 4TH |
|
Paris Cubs batting - Pitching for Winnipeg Goldeyes : RHP Ryan Kraemer
|
|
Batting: LHB Cameron Marinelli
|
0-0: Called Strike 0-1: Ground out 6-3 (Groundball, 6M, EV 109.4 MPH)
|
|
Batting: RHB Jason Banks
|
0-0: Ground out 5-3 (Groundball, 56, EV 76.9 MPH)
|
|
Batting: LHB Bobby Marlatt
|
0-0: Swinging Strike 0-1: Ball 1-1: Ball 2-1: DOUBLE (Groundball, 3L, EV 96.2 MPH)
|
|
Batting: RHB Mike Prado
|
0-0: Foul Ball, location: 2F 0-1: Fly out, F8 (Line Drive, 8LD, EV 91.2 MPH)
|
| Bottom of the 4th over - 0 runs, 1 hit, 0 errors, 1 left on base; Winnipeg 2 - Paris 3 |
| TOP OF THE 5TH |
|
Winnipeg Goldeyes batting - Pitching for Paris Cubs : RHP Alejandro Rios
|
|
Batting: RHB Settan Nakamura
|
0-0: Fly out, F9 (Line Drive, 9, EV 95.0 MPH)
|
|
Batting: SHB Rodrigo Mendoza
|
0-0: Foul Ball, location: 2F 0-1: Ball 1-1: Foul Ball, location: 2F 1-2: Foul Ball, location: 2F 1-2: Foul Ball, location: 2F 1-2: Ball 2-2: Foul Ball, location: 2F 2-2: Ball 3-2: Fly out, F6 (Popup, 6, EV 66.9 MPH)
|
|
Batting: RHB Terry Oetker
|
0-0: Ball 1-0: Ball 2-0: Called Strike 2-1: Ball 3-1: Foul Ball, location: 2F 3-2: Strikes out swinging
|
| Top of the 5th over - 0 runs, 0 hits, 0 errors, 0 left on base; Winnipeg 2 - Paris 3 |
| BOTTOM OF THE 5TH |
|
Paris Cubs batting - Pitching for Winnipeg Goldeyes : RHP Ryan Kraemer
|
|
Batting: RHB Willie Rubio
|
0-0: Called Strike 0-1: Ball 1-1: Called Strike 1-2: Foul Ball, location: 2F 1-2: Ball 2-2: Ball 3-2: Foul Ball, location: 2F 3-2: Base on Balls
|
|
Batting: RHB Michihisa Tanaka
|
0-0: Ball 1-0: Fly out, F7 (Flyball, 7S, EV 96.9 MPH)
|
|
Batting: LHB Jeremy Rideout
|
0-0: Ball 1-0: Ball 2-0: DOUBLE (Line Drive, 3D, EV 97.5 MPH) Willie Rubio to third
|
|
Batting: LHB David Mendez
|
0-0: Ball 1-0: Swinging Strike 1-1: Ball 2-1: Ball 3-1: Foul Ball, location: 2F 3-2: Base on Balls
|
|
Batting: RHB Jesus Resendez
|
0-0: Called Strike 0-1: Swinging Strike 0-2: Ball 1-2: Strikes out swinging
|
|
Batting: LHB Cameron Marinelli
|
0-0: Called Strike 0-1: Ball 1-1: Swinging Strike 1-2: Ball 2-2: Ball 3-2: Base on Balls Willie Rubio scores Jeremy Rideout to third David Mendez to second
|
|
Batting: RHB Jason Banks
|
0-0: Ball 1-0: Ground out 4-3 (Groundball, 4S, EV 86.2 MPH)
|
| Bottom of the 5th over - 1 run, 1 hit, 0 errors, 3 left on base; Winnipeg 2 - Paris 4 |
| TOP OF THE 6TH |
|
Winnipeg Goldeyes batting - Pitching for Paris Cubs : RHP Alejandro Rios
|
|
Batting: SHB Victor Turrubiate
|
0-0: Ball 1-0: Swinging Strike 1-1: Foul Ball, location: 2F 1-2: Foul Ball, location: 2F 1-2: Ball 2-2: Foul Ball, location: 2F 2-2: Ball 3-2: Foul Ball, location: 2F 3-2: SINGLE (Line Drive, 78S, EV 98.8 MPH)
|
|
Pitching: RHP Brian Jarrett
|
|
|
Batting: SHB Tim Lloyd
|
0-0: Ball 1-0: Ball 2-0: Ball 3-0: Called Strike 3-1: Foul Ball, location: 2F 3-2: Strikes out swinging
|
|
Batting: RHB Mike Berzins
|
0-0: Called Strike 0-1: Swinging Strike 0-2: Strikes out swinging
|
|
Pinch Hitting: SHB Nadhir Umayr
|
0-0: Ball 1-0: Ball 2-0: Called Strike 2-1: Foul Ball, location: 2F 2-2: Ball 3-2: Base on Balls Victor Turrubiate to second
|
|
Batting: SHB Andy Ehrsam
|
0-0: Ball 1-0: Foul Ball, location: 2F 1-1: Swinging Strike 1-2: Foul Ball, location: 2F 1-2: Ball 2-2: Foul Ball, location: 2F 2-2: Strikes out swinging
|
| Top of the 6th over - 0 runs, 1 hit, 0 errors, 2 left on base; Winnipeg 2 - Paris 4 |
| BOTTOM OF THE 6TH |
|
Paris Cubs batting - Pitching for Winnipeg Goldeyes : RHP Ryan Kraemer
|
|
Now at SS: Kenny Reynolds
|
|
|
Batting: LHB Bobby Marlatt
|
0-0: Ball 1-0: Ball 2-0: Foul Ball, location: 2F 2-1: Foul Ball, location: 2F 2-2: Foul Ball, location: 2F 2-2: Ball 3-2: Strikes out looking
|
|
Batting: RHB Mike Prado
|
0-0: Called Strike 0-1: Ball 1-1: Called Strike 1-2: Ball 2-2: Ground out 5-3 (Groundball, 5, EV 105.6 MPH)
|
|
Batting: RHB Willie Rubio
|
0-0: Single, Error in OF, E7, batter to second base (Groundball, 56D, EV 108.8 MPH)
|
|
Batting: RHB Michihisa Tanaka
|
0-0: Ball 1-0: Fly out, F7 (Line Drive, 7S, EV 92.5 MPH)
|
| Bottom of the 6th over - 0 runs, 1 hit, 1 error, 1 left on base; Winnipeg 2 - Paris 4 |
| TOP OF THE 7TH |
|
Winnipeg Goldeyes batting - Pitching for Paris Cubs : RHP Brian Jarrett
|
|
Batting: RHB Ricky Saucedo
|
0-0: Called Strike 0-1: Ball 1-1: Foul Ball, location: 2F 1-2: Strikes out swinging
|
|
Batting: RHB Settan Nakamura
|
0-0: Ground out 6-3 (Groundball, 6, EV 84.4 MPH)
|
|
Batting: SHB Rodrigo Mendoza
|
0-0: Foul Ball, location: 2F 0-1: Ball 1-1: Ball 2-1: Foul Ball, location: 2F 2-2: Strikes out swinging
|
| Top of the 7th over - 0 runs, 0 hits, 0 errors, 0 left on base; Winnipeg 2 - Paris 4 |
| BOTTOM OF THE 7TH |
|
Paris Cubs batting - Pitching for Winnipeg Goldeyes : RHP Ryan Kraemer
|
|
Pitching: RHP Blake Rhoderick
|
|
|
Batting: LHB Jeremy Rideout
|
0-0: Ball 1-0: Ball 2-0: Fly out, F7 (Line Drive, 7, EV 98.1 MPH)
|
|
Batting: LHB David Mendez
|
0-0: Ball 1-0: Ball 2-0: Called Strike 2-1: Ball 3-1: Foul Ball, location: 2F 3-2: Base on Balls
|
|
Batting: RHB Jesus Resendez
|
0-0: Called Strike 0-1: Ball 1-1: Fly out, F8 (Flyball, 8RD, EV 89.4 MPH)
|
|
Batting: LHB Cameron Marinelli
|
0-0: Ball 1-0: Ball 2-0: Called Strike 2-1: Foul Ball, location: 2F 2-2: Ball 3-2: Base on Balls David Mendez to second
|
|
Batting: RHB Jason Banks
|
0-0: Ball 1-0: Ball 2-0: Called Strike 2-1: Foul Ball, location: 2F 2-2: Foul Ball, location: 2F 2-2: Ball 3-2: Foul Ball, location: 2F 3-2: SINGLE (Line Drive, 7S, EV 105.6 MPH) David Mendez to third Cameron Marinelli to second David Mendez scores Cameron Marinelli to third
|
|
Batting: LHB Bobby Marlatt
|
0-0: Fly out, F8 (Flyball, 8RD, EV 98.1 MPH)
|
| Bottom of the 7th over - 1 run, 1 hit, 0 errors, 2 left on base; Winnipeg 2 - Paris 5 |
| TOP OF THE 8TH |
|
Winnipeg Goldeyes batting - Pitching for Paris Cubs : RHP Brian Jarrett
|
|
Pitching: RHP Carsten Kosters
|
|
|
Batting: RHB Terry Oetker
|
0-0: Ball 1-0: Ball 2-0: Ball 3-0: Called Strike 3-1: Foul Ball, location: 2F 3-2: Fly out, F8 (Flyball, 78M, EV 90.6 MPH)
|
|
Batting: SHB Victor Turrubiate
|
0-0: Swinging Strike 0-1: Called Strike 0-2: Ball 1-2: Ball 2-2: Ball 3-2: SINGLE (Groundball, 6D, EV 108.8 MPH)
|
|
Batting: SHB Tim Lloyd
|
0-0: 2-RUN HOME RUN (Flyball, 78XD, EV 106.2 MPH), Distance : 438 ft
|
|
Batting: RHB Mike Berzins
|
0-0: Called Strike 0-1: Ball 1-1: Called Strike 1-2: Strikes out swinging
|
|
Pinch Hitting: LHB Dave Bertheau
|
0-0: Foul Ball, location: 2F 0-1: Ball 1-1: Called Strike 1-2: Strikes out looking
|
| Top of the 8th over - 2 runs, 2 hits, 0 errors, 0 left on base; Winnipeg 4 - Paris 5 |
| BOTTOM OF THE 8TH |
|
Paris Cubs batting - Pitching for Winnipeg Goldeyes : RHP Blake Rhoderick
|
|
Now at SS: Ed Mosqueda
|
|
|
Batting: RHB Mike Prado
|
0-0: Ball 1-0: Swinging Strike 1-1: Swinging Strike 1-2: Strikes out swinging
|
|
Batting: RHB Willie Rubio
|
0-0: Ball 1-0: Ball 2-0: Ball 3-0: Called Strike 3-1: Base on Balls
|
|
Pinch Hitting: LHB Tyler Schuettler
|
0-0: Called Strike 0-1: Ball Willie Rubio steals 2nd base 1-1: Called Strike 1-2: Strikes out swinging
|
|
Batting: LHB Jeremy Rideout
|
0-0: Foul Ball, location: 2F 0-1: Fly out, F7 (Flyball, 78M, EV 91.2 MPH)
|
| Bottom of the 8th over - 0 runs, 0 hits, 0 errors, 1 left on base; Winnipeg 4 - Paris 5 |
| TOP OF THE 9TH |
|
Winnipeg Goldeyes batting - Pitching for Paris Cubs : RHP Carsten Kosters
|
|
Pitching: RHP Justin Rodrigues
|
|
|
Now at 3B: Jorge Robles
|
|
|
Pinch Hitting: RHB Mitsuhiro Kobayashi
|
0-0: Foul Ball, location: 2F 0-1: Ball 1-1: Ground out 6-3 (Groundball, 6S, EV 82.5 MPH)
|
|
Pinch Hitting: RHB Gary Smith
|
0-0: Foul Ball, location: 2F 0-1: Ball 1-1: Swinging Strike 1-2: Ball 2-2: Foul Ball, location: 2F 2-2: Strikes out swinging
|
|
Batting: RHB Settan Nakamura
|
0-0: Ball 1-0: Called Strike 1-1: Ball 2-1: Ball 3-1: Base on Balls
|
|
Batting: SHB Rodrigo Mendoza
|
0-0: SINGLE (Groundball, 6M, EV 106.9 MPH) (infield hit) Settan Nakamura to second
|
|
Batting: RHB Terry Oetker
|
0-0: Foul Ball, location: 2F 0-1: Foul Ball, location: 2F 0-2: Ball 1-2: Ball 2-2: Fly out, F8 (Flyball, 78D, EV 103.8 MPH)
|
| Top of the 9th over - 0 runs, 1 hit, 0 errors, 2 left on base; Winnipeg 4 - Paris 5 |
|